 Dungeon Crawl Stone Soup version 0.29-a0-319-gad05b8d819 (webtiles) character file.

Game seed: 1824518502041014919

2277 Ajdolov the Basher (level 9, -2/90 HPs)
             Began as a Mayflytaur Delver on Apr 1, 2022.
             Was an Initiate of Wu Jian.
             Slain by a two-headed ogre
             ... wielding a +0 giant club
              (13 damage)
             ... on level 9 of the Dungeon.
             The game lasted 00:11:32 (4017 turns).

Ajdolov the Basher (Mayflytaur Delver)              Turns: 4017, Time: 00:11:32

Health: -2/90      AC: 10    Str: 17    XL:     9   Next: 39%
Magic:  10/10      EV:  7    Int: 12    God:    Wu Jian [......]
Gold:   436        SH:  0    Dex: 17    Spells: 8/8 levels left

rFire   . . .      SeeInvis .   j - +0 flail
rCold   . . .      Faith    .   (no shield)
rNeg    . . .      Spirit   .   x - +0 chain mail
rPois   .          Reflect  .   (no helmet)
rElec   .          Harm     .   (no cloak)
rCorr   +          Rampage  .   b - +0 pair of gloves
Will    +....                   l - +0 pair of boots
Stlth   ..........              (no amulet)
HPRegen 0.25/turn               r - ring of resist corrosion
MPRegen 0.24/turn               (no ring)

@: flying
A: damage resistance, big wings, sense surroundings 2, magic regeneration, short
lifespan
a: Renounce Religion


You were on level 9 of the Dungeon.
You worshipped Wu Jian.
Wu Jian was noncommittal.
You visited 2 branches of the dungeon, and saw 10 of its levels.

You collected 436 gold pieces.

Inventory:

Hand Weapons
 j - a +0 flail (weapon)
Missiles
 y - a throwing net (quivered)
Armour
 b - a +0 pair of gloves (worn)
 f - a +0 plate armour
 l - a +0 pair of boots (worn)
 x - a +0 chain mail (worn)
Jewellery
 r - a ring of resist corrosion (left hand)
Wands
 g - a wand of digging (3)
 h - a wand of polymorph (7)
 i - a wand of flame (8)
 A - a wand of acid (4)
Scrolls
 c - 2 scrolls of fog
 d - 3 scrolls of magic mapping
 e - a scroll of fear
 k - 3 scrolls of teleportation {unknown}
 n - a scroll of enchant armour {unknown}
 o - a scroll of noise {unknown}
 p - 10 scrolls of identify {unknown}
 s - a scroll of enchant weapon {unknown}
 z - a scroll of blinking {unknown}
 B - a scroll of summoning {unknown}
Potions
 a - 2 potions of cancellation
 m - a potion of curing
 q - a potion of attraction {unknown}
 t - 2 potions of lignification {unknown}
 u - a potion of heal wounds {unknown}
 v - a potion of flight {unknown}
 w - a potion of degeneration {unknown}


   Skills:
 + Level 8.4 Fighting
 * Level 13.1 Maces & Flails
 - Level 2.1 Dodging
 - Level 6.0 Stealth


You had 8 spell levels left.
You didn't know any spells.
Your spell library contained the following spells:

 Spells                   Type           Power      Damage    Failure   Level
 Gell's Gravitas          Tloc           0%         N/A       100%        3
 Lesser Beckoning         Tloc           0%         N/A       100%        3
 Teleport Other           Tloc           0%         N/A       100%        3


Dungeon Overview and Level Annotations

Branches:
Dungeon (9/15)             Temple (1/1) D:7
   Lair: D:8-11         Orc: D:9-12

Altars:
Dithmenos
Elyvilon
Fedhas
Hepliaklqana
Kikubaaqudgha
Nemelex Xobeh
Qazlal
Ru
Sif Muna
Uskayaw
Wu Jian
Yredelemnul

Shops:
D:1 :

Annotations:
D:3 1 runed translucent door, robertstho's ghost, amateur DjFE
D:4 exclusion: ogre, Edmund; Sigmund


Innate Abilities, Weirdness & Mutations

You are resistant to damage.
Your large and strong wings let you fly.
You passively map the area around you.
You regenerate magic rapidly.
You are easily found by Zot.


Message History

Okay, then.
You see here a +0 dagger.
Items here: (( ))).
Okay, then.
C - a curare-tipped dart You see here a killer bee corpse.
You reach down and open the door.
There is an open door here.
There is a stone staircase leading down here.
There is a stone staircase leading down here.
You are a level 9 Mayflytaur Delver.
You are 39% of the way to level 10.
Play time: 00:11:19 (4005 turns).
Zot will find you in 1232 turns if you stay in this branch and explore no new floors.
Unknown command.
You fly downwards.
There is a stone staircase leading up here.
Aiming: Corrosive Bolt
Press: ? - help, Shift-Dir - straight line, f - you
Okay, then.
Throw: dart (curare)
Press: ? - help, Shift-Dir - straight line, f - two-headed ogre
Aim: a two-headed ogre, wielding two +0 giant clubs (77% to hit)
You throw a curare-tipped dart.
The curare-tipped dart hits the two-headed ogre.
The two-headed ogre is poisoned.
The two-headed ogre convulses.
The two-headed ogre seems to slow down.
The two-headed ogre is lightly wounded.
You barely miss the two-headed ogre.
The two-headed ogre is lightly wounded.
The two-headed ogre hits you with a +0 giant club! x2
You sock the two-headed ogre!
The two-headed ogre is heavily wounded.
You sock the two-headed ogre!
The two-headed ogre is severely wounded.
You hit the two-headed ogre but do no damage.
The two-headed ogre is severely wounded.
The two-headed ogre hits you with a +0 giant club!!
* * * LOW HITPOINT WARNING * * *
The two-headed ogre hits you with a +0 giant club!
You die...

* * * * , ,, *,, ,
** *** **+ , , , ,
, ,, , ,, , , * ,,
* ,# , , #. ,, , ,
, ,, , * ,
...###+######+###*
* ,,
,.................
, , ,
........@O..(.... ,
,................#
, , , , ,
.......<........#
,,................#
, ,
,.................
, , *
*#################
*


You could see a two-headed ogre (poisoned, slow).

Vanquished Creatures
  Prince Ribbit (D:6)
  Eustachio (D:6)
  An ice beast (D:5)
  An orc warrior (D:7)
  2 black bears
  2 centaurs (D:8)
  2 ogres
  A kobold brigand (D:8)
  A phantom (D:5)
  Blork the orc (D:4)
  2 bullfrogs
  2 necrophages
  2 killer bees (D:8)
  4 howler monkeys
  2 orc priests
  2 gnoll shamans
  2 hounds
  Natasha (D:4)
  5 orc wizards
  5 adders
  6 gnolls
  6 dart slugs
  4 worms
  19 orcs
  9 ball pythons
  8 endoplasms
  4 giant cockroaches
  5 goblins
  7 hobgoblins
  10 jackals
  12 kobolds
  A quokka (D:1)
  3 bats
  4 rats
138 creatures vanquished.

Vanquished Creatures (others)
  An orc (D:7)
1 creature vanquished.

Grand Total: 139 creatures vanquished

Notes
Turn   | Place    | Note
-------+----------+-------------------------------------------
     0 | D:5      | Ajdolov the Mayflytaur Delver began the quest for the Orb.
     0 | D:5      | Reached XP level 1. HP: 21/21 MP: 2/2
    33 | D:5      | Reached skill level 3 in Maces & Flails
    33 | D:5      | Reached XP level 2. HP: 28/28 MP: 3/3
    63 | D:4      | Reached skill level 4 in Maces & Flails
    63 | D:4      | Reached XP level 3. HP: 36/36 MP: 4/4
    90 | D:4      | Noticed an ogre
   115 | D:4      | Noticed Blork the orc
   124 | D:3      | Reached skill level 5 in Maces & Flails
   124 | D:3      | Reached XP level 4. HP: 44/44 MP: 5/5
   399 | D:1      | Reached XP level 5. HP: 51/51 MP: 6/6
   662 | D:1      | Found a faded altar of an unknown god.
   790 | D:1      | Found Otzav's Book Boutique.
  1065 | D:2      | Reached skill level 6 in Maces & Flails
  1310 | D:3      | Noticed robertstho's ghost (amateur DjFE)
  1313 | D:3      | Found a runed translucent door.
  1347 | D:3      | Gained mutation: You regenerate magic rapidly. [Mayflytaur
                  | growth]
  1347 | D:3      | Reached XP level 6. HP: 55/60 MP: 7/7
  1436 | D:3      | Reached skill level 7 in Maces & Flails
  1442 | D:3      | Reached skill level 5 in Fighting
  1554 | D:4      | Noticed Sigmund
  1806 | D:4      | Killed Blork the orc
  1807 | D:4      | Reached skill level 8 in Maces & Flails
  1807 | D:4      | Reached XP level 7. HP: 32/67 MP: 8/8
  1808 | D:4      | Noticed Natasha
  1877 | D:4      | Killed Natasha
  1928 | D:4      | Noticed Edmund
  1967 | D:5      | Glimpsed the power of Zot.
  2014 | D:5      | Reached skill level 9 in Maces & Flails
  2052 | D:5      | Reached XP level 8. HP: 50/78 MP: 9/9
  2055 | D:6      | Noticed Prince Ribbit
  2209 | D:6      | Killed Prince Ribbit
  2210 | D:6      | Reached skill level 10 in Maces & Flails
  2375 | D:6      | Found an ancient bone altar of Kikubaaqudgha.
  2378 | D:6      | Noticed Eustachio
  2388 | D:6      | Killed Eustachio
  2389 | D:6      | Reached skill level 11 in Maces & Flails
  2575 | D:6      | Glimpsed the power of Zot.
  2778 | D:7      | Found a basalt altar of Yredelemnul.
  3133 | D:7      | Reached skill level 12 in Maces & Flails
  3139 | D:7      | Gained mutation: You passively map the area around you.
                  | [Mayflytaur growth]
  3139 | D:7      | Reached XP level 9. HP: 85/88 MP: 10/10
  3146 | D:7      | Found a staircase to the Ecumenical Temple.
  3152 | Temple   | Entered the Ecumenical Temple
  3252 | Temple   | Became a worshipper of the Wu Jian Council
  3252 | Temple   | Glimpsed the power of Zot.
  3300 | D:7      | Glimpsed the power of Zot.
  3686 | D:8      | Found a hide-covered altar of Uskayaw.
  3928 | D:8      | Reached skill level 13 in Maces & Flails
  4006 | D:9      | Noticed a two-headed ogre
  4017 | D:9      | Slain by a two-headed ogre

Illustrated notes

Levels and vault maps discovered:
D:1:      psy_arrival_basics, layout_loops_ring, serial_shops, shop,
          shapermc_ecumenical_altar_mp_vishouse, minmay_tromino_mix6
D:2:      layout_basic, basic_altar
D:3:      minmay_chambers_of_twos, layout_rooms, hellmonk_ghost_happy_afterlife
D:4:      layout_cave_pools, lightli_temple_of_fire, cheibriados_altar_1,
          minmay_shop_enchanted_jewellery, uniq_edmund, uniq_sigmund,
          uniq_natasha, uniq_blork_the_orc
D:5:      layout_basic
D:6:      layout_basic, amcnicky_altar_gilded, serial_shops,
          nicolae_shop_window_shopping, kennysheep_generic_room_4, uniq_duvessa,
          uniq_prince_ribbit1, uniq_eustachio
D:7:      layout_basic, grunt_temple_overflow_bloody_war,
          nicolae_vehumet_altar_sigil, yredelemnul_altar_generic,
          minmay_temple_entry_statues_pillars
D:8:      layout_basic, mainiacjoe_overflow_brackets, kennysheep_mini_moat
D:9:      layout_stronghold, mainiacjoe_overflow_catwalk, kennysheep_little_box,
          marbit_many_paths, serial_shops, shop
Temple:   nicolae_temple_figure_zero

Skill      XL: |  1  2  3  4  5  6  7  8  9 |
---------------+----------------------------+-----
Maces & Flails | 3 4 5 6 8 9 12 13 | 13.1
Fighting       | 4 5 6 7 8 |  8.4
Dodging        | |  2.1
Stealth        | |  6.0

Action                   |  1- 3 |  4- 6 |  7- 9 || total
-------------------------+-------+-------+-------++-------
Melee: Mace              |    14 |       |       ||    14
       Flail             |    10 |   269 |   275 ||   554
       Unarmed           |       |       |     9 ||     9
       Punch             |       |       |     2 ||     2
Throw: Dart              |       |       |     1 ||     1
Invok: Lunge             |       |       |     5 ||     5
Evoke: Wand              |     4 |       |       ||     4
  Use: Potion            |       |     2 |     3 ||     5
 Stab: Sleeping          |       |     9 |       ||     9
Armor: Leather armour    |     3 |    11 |       ||    14
       Ring mail         |       |    99 |       ||    99
       Chain mail        |       |    85 |   150 ||   235
Dodge: Dodged            |    20 |   164 |    99 ||   283

Table legend: (Time is in decaauts)
 A = Elapsed time spent in this place.
 B = Non-inter-level travel time spent in this place.
 C = Inter-level travel time spent in this place.
 D = Time resting spent in this place.
 E = Time spent auto-exploring this place.
 F = Levels seen in this place.
 G = Mean time per level.
                   A        B        C        D        E       F      G
               +--------+--------+--------+--------+--------+-----+--------+
         Total |   4015 |   3859 |    156 |    702 |   1202 |  10 |  401.5 |
       Dungeon |   3578 |   3445 |    133 |    377 |   1150 |   9 |  397.6 |
        Temple |    436 |    413 |     23 |    325 |     52 |   1 |  436.0 |
               +--------+--------+--------+--------+--------+-----+--------+

Top non-repeatable levels by time:
     D:3: 653 daAuts
     D:1: 635 daAuts
     D:7: 596 daAuts
  Temple: 436 daAuts
     D:2: 404 daAuts
     D:6: 402 daAuts
     D:8: 346 daAuts
     D:5: 317 daAuts
     D:4: 212 daAuts
     D:9: 10 daAuts
